 Dungeon Crawl Stone Soup version 0.28.0-53-g5a82cb258f (webtiles) character file.

Game seed: 16830500774939920376

4337 safid the Geomancer (level 10, 60/60 HPs)
             Began as a Gargoyle Earth Elementalist on Aug 24, 2022.
             Was a Follower of Makhleb.
             Quit the game on level 8 of the Dungeon on Aug 25, 2022.
             The game lasted 00:16:40 (10614 turns).

safid the Geomancer (Gargoyle Earth Elementalist)  Turns: 10614, Time: 00:16:41

Health: 60/60      AC: 14    Str: 11    XL:     10   Next: 33%
Magic:  12/19      EV: 12    Int: 21    God:    Makhleb [*.....]
Gold:   358        SH:  0    Dex: 10    Spells: 13/21 levels left

rFire   + . .      SeeInvis .   k - +2 whip (elec)
rCold   + . .      Faith    .   j - orb {*channel}
rNeg    + . .      Spirit   .   v - +1 robe {rF+}
rPois   ∞          Reflect  .   (no helmet)
rElec   +          Harm     .   u - +2 cloak
rCorr   .          Rampage  .   w - +0 pair of gloves
Will    .....                   (no boots)
Stlth   ++........              (no amulet)
HPRegen 0.20/turn               e - ring of protection from cold
MPRegen 0.16/turn               (no ring)

@: no status effects
A: sickness immunity, AC +7, negative energy resistance 1, electricity
resistance, torment resistance 1, petrification resistance
a: Renounce Religion


You were on level 8 of the Dungeon.
You worshipped Makhleb.
Makhleb was aware of your devotion.
You visited 2 branches of the dungeon, and saw 9 of its levels.

You collected 358 gold pieces.

Inventory:

Hand Weapons
 k - a +2 whip of electrocution (weapon)
Missiles
 c - 180 stones
Armour
 j - an orb of energy (worn)
 u - a +2 cloak (worn)
 v - a +1 robe of fire resistance (worn)
 w - a +0 pair of gloves (worn)
Jewellery
 e - a ring of protection from cold (left hand)
 B - a +6 ring of intelligence
Wands
 s - a wand of paralysis (19)
Scrolls
 b - a scroll of blinking {unknown}
 g - 3 scrolls of enchant weapon
 i - a scroll of summoning {unknown}
 p - 2 scrolls of magic mapping
 r - 2 scrolls of fear
 t - a scroll of noise {unknown}
 x - 2 scrolls of teleportation {unknown}
 y - 2 scrolls of identify
 A - a scroll of immolation {unknown}
Potions
 a - a potion of magic {unknown}
 d - 3 potions of berserk rage
 f - 3 potions of brilliance {unknown}
 h - a potion of lignification {unknown}
 l - 4 potions of curing
 m - a potion of might {unknown}
 n - a potion of heal wounds {unknown}
 o - a potion of flight {unknown}
 q - 2 potions of degeneration {unknown}
 z - a potion of ambrosia {unknown}


   Skills:
 - Level 6.0 Fighting
 - Level 2.0 Dodging
 - Level 2.1 Stealth
 - Level 6.0 Spellcasting
 + Level 7.6 Conjurations
 + Level 5.2 Translocations
 - Level 1.0 Transmutations
 + Level 10.0 Earth Magic


You had 13 spell levels left.
You knew the following spells:

 Your Spells              Type           Power      Damage    Failure   Level
a - Sandblast             Erth           96%        2d20      1%          1
b - Stone Arrow           Conj/Erth      86%        3d12      1%          3
c - Iskenderun's Mystic   Conj/Tloc      33%        2d8       7%          4

Your spell library contained the following spells:

 Spells                   Type           Power      Damage    Failure   Level
 Blink                    Tloc           56%        N/A       1%          2
 Passwall                 Tmut/Erth      24%        N/A       1%          2
 Dazzling Flash           Conj/Hex       44%        N/A       6%          3
 Summon Small Mammal      Summ           24%        N/A       10%         1
 Portal Projectile        Hex/Tloc       34%        N/A       10%         3
 Petrify                  Tmut/Erth      29%        N/A       10%         4
 Call Imp                 Summ           6%         N/A       14%         2
 Corpse Rot               Necr/Air       12%        N/A       14%         2
 Tukima's Dance           Hex            6%         N/A       28%         3
 Manifold Assault         Tloc           28%        N/A       32%         5
 Borgnjor's Vile Clutch   Necr/Erth      13%        N/A       34%         5
 Anguish                  Hex/Necr       3%         N/A       67%         4
 Animate Dead             Necr           3%         N/A       67%         4
 Dispel Undead            Necr           6%         3d8       67%         4
 Blade Hands              Tmut           5%         N/A       87%         5
 Excruciating Wounds      Necr           3%         N/A       95%         5
 Starburst                Conj/Fire      11%        6d5       97%         6
 Death Channel            Necr           3%         N/A       100%        6
 Enfeeble                 Hex            3%         N/A       100%        7
 Storm Form               Tmut/Air       4%         N/A       100%        7
 Summon Horrible Things   Summ           3%         N/A       100%        8
 Dragon's Call            Summ           3%         N/A       100%        9


Dungeon Overview and Level Annotations

Branches:
Dungeon (8/15)             Temple (1/1) D:6
   Lair: D:8-11

Altars:
Ashenzari
Cheibriados
Dithmenos
Fedhas
Gozag
Hepliaklqana
Kikubaaqudgha
Makhleb
Nemelex Xobeh
Okawaru
Qazlal
Ru
Trog
Uskayaw
Wu Jian
Xom
Yredelemnul
Zin
The Shining One

Shops:
D:6 (

Annotations:
D:2 1 runed translucent door, Crazy Yiuf
D:3 2 transporters, DemonSlayer's ghost, amateur DsFE


Innate Abilities, Weirdness & Mutations

You are immune to sickness and miasma.
Your stone body is resilient. (AC +7)
You are immune to poison.
You resist negative energy. (rN+)
You are resistant to electric shocks. (rElec)
You are resistant to unholy torment.
You are immune to petrification.


Message History

Aiming: Stone Arrow (safe; 1% risk of failure)
Press: ? - help, Shift-Dir - straight line, f - orc
Aim: an orc, wielding a +0 dagger and wearing a +0 leather armour (76% to hit)
The stone arrow hits the orc!!
You kill the orc!
Makhleb accepts your kill.
You feel better.
HP restored.
A sky beast comes into view.
Things that are here:
a +0 dagger; a +0 leather armour; an orc corpse
Casting: Stone Arrow (safe; 1% risk of failure)
Confirm with . or Enter, or press ? or * to list all spells.
Aiming: Stone Arrow (safe; 1% risk of failure)
Press: ? - help, Shift-Dir - straight line, f - sky beast
Aim: a sky beast (67% to hit)
The stone arrow hits the sky beast!!
The sky beast is severely wounded.
Casting: Stone Arrow (safe; 1% risk of failure)
Confirm with . or Enter, or press ? or * to list all spells.
Aiming: Stone Arrow (safe; 1% risk of failure)
Press: ? - help, Shift-Dir - straight line, f/p - sky beast
Aim: a sky beast (severely wounded, 67% to hit)
The stone arrow misses the sky beast.
The sky beast flickers out of sight!
Deactivating autopickup; reactivate with Ctrl-A.
There is a strange disturbance nearby!
No target in view!
No target in view!
No target in view!
There is a strange disturbance nearby!
Casting: Stone Arrow (safe; 1% risk of failure)
Confirm with . or Enter, or press ? or * to list all spells.
You can't see any susceptible monsters within range! (Use Z to cast anyway.)
Casting: Stone Arrow (safe; 1% risk of failure)
Confirm with . or Enter, or press ? or * to list all spells.
You can't see any susceptible monsters within range! (Use Z to cast anyway.)
Casting: Stone Arrow (safe; 1% risk of failure)
Confirm with . or Enter, or press ? or * to list all spells.
You can't see any susceptible monsters within range! (Use Z to cast anyway.) Are you sure you want to abandon this character and quit the game? (Confirm with "yes".)

###### #....# ######
#######....####......
............!........
#.....<...##)#.#.##
...........##.@.#
#..###..#.......# ..
...#...#...{#
###.#.#.......
#.#..........
..............
....!.......#..
####.........#


There were no monsters in sight!

Vanquished Creatures
  A two-headed ogre (D:6)
  Pikel (D:6)
  A hornet (D:7)
  Grinder (D:4)
  Sigmund (D:2)
  A wyvern (D:7)
  Eustachio (D:4)
  3 water moccasins
  2 black bears (D:7)
  2 orc warriors
  An ice beast (D:7)
  3 sky beasts
  2 ogres
  2 necrophages (D:4)
  A scorpion (D:4)
  A centaur zombie (D:6)
  2 jellies (D:7)
  7 orc priests
  2 hounds
  A centaur skeleton (D:7)
  6 iguanas
  2 bullfrog skeletons
  6 orc wizards
  A scorpion zombie (D:5)
  A killer bee zombie (D:7)
  2 howler monkey zombies
  Robin (D:2)
  An adder (D:2)
  2 shadow imps
  2 white imps (D:7)
  An ufetubus (D:7)
  3 worms
  3 dart slugs
  31 orcs
  8 ball pythons
  6 bats (D:1)
  6 endoplasms
  3 giant cockroaches
  17 goblins
  8 hobgoblins
  7 jackals (D:2)
  5 quokkas
  3 frilled lizards
  4 kobolds
  5 rats
170 creatures vanquished.

Notes
Turn   | Place    | Note
-------+----------+-------------------------------------------
     0 | D:1      | safid the Gargoyle Earth Elementalist began the quest for
                  | the Orb.
     0 | D:1      | Reached XP level 1. HP: 10/10 MP: 3/3
   428 | D:1      | Found a faded altar of an unknown god.
   461 | D:1      | Reached skill level 1 in Transmutations
   461 | D:1      | Reached XP level 2. HP: 15/16 MP: 5/5
   805 | D:1      | Reached skill level 1 in Fighting
  1337 | D:1      | Reached XP level 3. HP: 17/20 MP: 6/6
  1344 | D:1      | Reached skill level 4 in Earth Magic
  1729 | D:2      | Found a runed translucent door.
  1730 | D:2      | Noticed Crazy Yiuf
  1914 | D:2      | Noticed Sigmund
  1928 | D:2      | Killed Sigmund
  1929 | D:2      | Reached skill level 5 in Earth Magic
  1929 | D:2      | Reached XP level 4. HP: 6/28 MP: 2/9
  1929 | D:2      | Reached XP level 5. HP: 7/32 MP: 2/10
  2477 | D:2      | Reached XP level 6. HP: 27/37 MP: 11/11
  2632 | D:2      | Noticed Robin
  2643 | D:2      | Killed Robin
  3167 | D:3      | Got Dispater's Catalogue of the Escort
  3659 | D:3      | Learned a level 3 spell: Stone Arrow
  3674 | D:3      | Found an opulent altar of Gozag.
  3689 | D:3      | Found a transporter.
  3690 | D:3      | Noticed DemonSlayer's ghost (amateur DsFE)
  3769 | D:3      | Found an iron altar of Okawaru.
  4073 | D:3      | Found a transporter.
  4392 | D:4      | Noticed a necrophage
  4396 | D:4      | Killed a necrophage
  4397 | D:4      | Reached skill level 1 in Conjurations
  4397 | D:4      | Reached skill level 6 in Earth Magic
  4397 | D:4      | Reached XP level 7. HP: 37/43 MP: 0/13
  5323 | D:4      | Noticed Grinder
  5329 | D:4      | Killed Grinder
  5330 | D:4      | Reached XP level 8. HP: 48/48 MP: 4/15
  5419 | D:4      | Reached skill level 5 in Fighting
  5582 | D:4      | Noticed Eustachio
  5601 | D:4      | Killed Eustachio
  5602 | D:4      | Reached skill level 7 in Earth Magic
  5786 | D:4      | Learned a level 4 spell: Iskenderun's Mystic Blast
  6044 | D:4      | Reached skill level 5 in Spellcasting
  6252 | D:5      | Entered Level 5 of the Dungeon
  6512 | D:5      | Found a blossoming altar of Fedhas.
  7047 | D:5      | Reached skill level 1 in Translocations
  7167 | D:6      | Noticed Pikel
  7173 | D:6      | Killed Pikel
  7174 | D:6      | Reached XP level 9. HP: 39/55 MP: 2/17
  7348 | D:6      | Found a staircase to the Ecumenical Temple.
  7357 | Temple   | Entered the Ecumenical Temple
  7534 | D:6      | Noticed a two-headed ogre
  7537 | D:6      | Reached skill level 8 in Earth Magic
  7541 | D:6      | Killed a two-headed ogre
  7542 | D:6      | Reached skill level 5 in Conjurations
  7568 | D:6      | Found Zerhy's Antique Weapon Emporium.
  7827 | D:6      | HP: 1/55 [orc priest/divine providence (12)]
  7836 | D:6      | HP: 1/55 [something/magic dart (2)]
  7857 | D:6      | HP: 1/55 [something/magic dart (4)]
  8770 | D:7      | Reached skill level 9 in Earth Magic
  8995 | D:6      | Reached XP level 10. HP: 20/60 MP: 0/19
  9396 | D:1      | Prayed at the altar of an unknown god.
  9396 | D:1      | Became a worshipper of Makhleb the Destroyer
  9396 | D:1      | Reached * piety under Makhleb
 10236 | D:7      | Reached skill level 5 in Translocations
 10334 | D:7      | Reached skill level 10 in Earth Magic
 10614 | D:8      | Quit the game

Illustrated notes

Levels and vault maps discovered:
D:1:      dpeg_arrival_rooms_a, layout_loops_cross,
          shapermc_ecumenical_altar_notcrosses
D:2:      layout_basic, uniq_crazy_yiuf_cottage, uniq_sigmund, uniq_robin
D:3:      minmay_chambers_of_twos, layout_rooms, kennysheep_okawaru_gauntlet,
          mainiacjoe_overflow_alcove_1, gammafunk_ghost_smash
D:4:      layout_layer_cave, uniq_eustachio, uniq_grinder
D:5:      layout_loops_ring, mainiacjoe_overflow_small_starburst
D:6:      layout_rooms, minmay_temple_entry_junction, serial_shops, shop,
          uniq_pikel
D:7:      layout_basic, minmay_misc_feat_encased, hangedman_minor_gate_pass
D:8:      layout_basic
Temple:   nicolae_temple_elliptical

Skill      XL: |  1  2  3  4  5  6  7  8  9 10 |
---------------+-------------------------------+-----
Transmutations | 1 |  1.0
Fighting       | 1 3 4 6 |  6.0
Earth Magic    | 5 6 7 9 10 | 10.0
Dodging        | 2 |  2.0
Spellcasting   | 3 4 5 6 |  6.0
Conjurations   | 1 2 4 6 7 |  7.6
Translocations | 2 4 5 |  5.2
Stealth        | |  2.1

Action                   |  1- 3 |  4- 6 |  7- 9 | 10-12 || total
-------------------------+-------+-------+-------+-------++-------
Melee: Unarmed           |    75 |       |       |       ||    75
       Dagger            |    73 |       |       |       ||    73
       Punch             |     3 |     1 |       |       ||     4
       Mace              |     8 |   159 |    78 |       ||   245
       Whip              |       |       |    65 |    47 ||   112
 Cast: Sandblast         |    13 |    28 |     5 |     3 ||    49
       Stone Arrow       |       |     3 |    73 |    25 ||   101
  Use: Scroll            |       |       |     5 |       ||     5
 Stab: Sleeping          |     3 |     1 |       |     1 ||     5
Armor: Robe              |    62 |    71 |    96 |    28 ||   257
Dodge: Dodged            |   130 |   165 |   188 |    22 ||   505
